 Dungeon Crawl Stone Soup version 0.31-a0-965-g8a8ce12e04 (webtiles) character file.

Game seed: 1158097791198316325

723 LeprechaunX the Changeling (level 7, -20/47 HPs)
             Began as an Octopode Shapeshifter on Oct 26, 2023.
             Demolished by an ogre
             ... wielding a +0 giant spiked club
              (39 damage)
             ... on level 5 of the Dungeon.
             The game lasted 00:04:21 (3298 turns).

LeprechaunX the Changeling (Octopode Shapeshifter)  Turns: 3298, Time: 00:04:21

Health: -20/47     AC:  1    Str: 13    XL:     7   Next: 71%
Magic:  7/7        EV: 12    Int: 19    God:
Gold:   244        SH:  9    Dex: 13    Spells: 6/6 levels left

rFire   . . .        l - +2 whip (vamp)
rCold   . . .        v - +0 buckler
rNeg    + . .        (helmet currently unavailable)
rPois   .            m - amulet of reflection
rElec   .            e - +6 ring of intelligence
rCorr   .            n - ring of positive energy
SInv    .            (no ring)
Will    .....        (no ring)
Stlth   ++           (no ring)
HPRegen 0.27/turn    (no ring)
MPRegen 0.10/turn    (no ring)
                     (no ring)

%: reflection
@: beast-form
A: beast (slay +3), almost no armour, amphibious, 8 rings, camouflage 1,
gelatinous body 1, (nimble swimmer 1), tentacles
a: Begin Untransformation


You were on level 5 of the Dungeon.
You were a hulking beast.
You visited 1 branch of the dungeon, and saw 5 of its levels.

You collected 244 gold pieces.

Inventory:

Hand Weapons
 a - a +0 sling
 l - a +2 vampiric whip (weapon)
Armour
 q - a +0 kite shield
 v - a +0 buckler (worn)
Jewellery
 e - a +6 ring of intelligence (left tentacle)
 m - an amulet of reflection (around mantle)
 n - a ring of positive energy (right tentacle)
 w - a +5 ring of evasion
Talismans
 b - a beast talisman
 c - a flux talisman
Wands
 s - a wand of roots (8)
Scrolls
 f - a scroll of silence {unknown}
 i - 5 scrolls of noise {unknown}
 k - 2 scrolls of identify {unknown}
 o - a scroll of teleportation {unknown}
 r - a scroll of blinking {unknown}
Potions
 d - 2 potions of curing {unknown}
 g - 2 potions of magic {unknown}
 h - a potion of degeneration {unknown}
 j - a potion of ambrosia {unknown}
 p - a potion of lignification
 t - 2 potions of haste {unknown}
 u - a potion of heal wounds {unknown}


   Skills:
 + Level 3.8 Fighting
 - Level 2.0 Dodging
 + Level 2.2 Shields
 + Level 4.8 Unarmed Combat
 * Level 5.9 Shapeshifting


You had 6 spell levels left.
You didn't know any spells.
Your spell library contained the following spells:

 Spells                   Type           Power      Damage    Failure   Level
 Freeze                   Ice            0%         1d3       28%         1
 Slow                     Hex            0%         N/A       28%         1
 Confusing Touch          Hex            0%         N/A       63%         3
 Frozen Ramparts          Ice            0%         1d1       63%         3
 Hailstorm                Conj/Ice       0%         3d3       63%         3
 Sigil of Binding         Hex            0%         N/A       63%         3
 Vampiric Draining        Necr           0%         2d6       63%         3


Dungeon Overview and Level Annotations

Branches:
Dungeon (5/15)
 Temple: D:4-7

Altars:
Fedhas


Innate Abilities, Weirdness & Mutations

You are a hulking beast.
Your limbs bulge with bestial killing power. (Slay +3)
You cannot wear most types of armour.
You are amphibious.
You can wear up to eight rings at the same time.
Your skin changes colour to match your surroundings (Stealth+).
Your rubbery body absorbs attacks. (AC +1, EV +1)
((You are camouflaged when in or above water. (Stealth+)))
You have tentacles for arms and can constrict up to eight enemies at once.


Message History

There is an open door here.
You hit the howler monkey. You grab the howler monkey.
The howler monkey is lightly wounded.
You constrict the howler monkey. You block the howler monkey's attack.
You whack the howler monkey!
The howler monkey is severely wounded.
You constrict the howler monkey. You block the howler monkey's attack.
The howler monkey hits you.
You whack the howler monkey!
You kill the howler monkey!
No target in view!
Something hits the bush but does no damage.
Something kicks the bush.
Something hits the bush.
Something kicks the bush but does no damage.
An ogre comes into view. It is wielding a +0 giant spiked club.
An ogre is nearby!
An ogre is nearby!
An ogre is nearby!
Found a sedimented golden potion.
Something hits the bush but does no damage.
Something kicks the bush but does no damage.
Found a blossoming altar of Fedhas.
The ogre shouts!
A centaur comes into view.
You hit the ogre.
You feel better.
You squeeze the ogre!
The ogre is severely wounded.
The centaur wields a +0 orcbow.
The centaur shoots an arrow.
The arrow closely misses you.
The ogre hits you with a +0 giant spiked club!!
The centaur shoots an arrow.
The arrow hits you.
Unknown command.
You hit the ogre.
The ogre is severely wounded.
The centaur shoots an arrow.
You block the arrow with an invisible shield... and reflect it back!
The arrow hits the centaur!
The ogre hits you with a +0 giant spiked club!!!
Ouch! That really hurt!
You die...

###### ##....# #.....#
#### #.....# !..#
#.....# #..####
#.....#
##.O..#####..###..#
PP..h...###..###..##
..c.PP......#....#....
#.PP_PP.#...'....#...
P.PPP.....##..##..# P
PP......###'##..##
...............#...#
#####.....#....'...#
#######..###..##
#...##..#


You could see an ogre and a centaur.

Vanquished Creatures
  Sigmund (D:2)
  A phantom (D:4)
  A water moccasin zombie (D:4)
  A water moccasin skeleton (D:4)
  A howler monkey (D:5)
  A bullfrog zombie (D:4)
  An orc priest (D:4)
  An orc wizard (D:4)
  Ijyb (D:3)
  A hound skeleton (D:4)
  Robin (D:2)
  8 gnolls
  4 adder zombies (D:4)
  2 worms
  3 dart slugs
  10 orcs
  7 ball pythons
  3 bats
  6 endoplasms
  2 giant cockroaches
  11 goblins
  8 hobgoblins
  2 jackals (D:3)
  10 kobolds
  6 quokkas
  4 frilled lizards
  4 rats
101 creatures vanquished.

Notes
Turn   | Place    | Note
-------+----------+-------------------------------------------
     0 | D:1      | LeprechaunX the Octopode Shapeshifter began the quest for
                  | the Orb.
     0 | D:1      | Reached XP level 1. HP: 13/13 MP: 1/1
    90 | D:1      | Reached XP level 2. HP: 18/18 MP: 2/2
   392 | D:1      | Reached XP level 3. HP: 20/23 MP: 3/3
   733 | D:2      | Noticed Sigmund
   740 | D:2      | Killed Sigmund
   741 | D:2      | Reached skill level 4 in Shapeshifting
   741 | D:2      | Reached XP level 4. HP: 11/30 MP: 4/4
   741 | D:2      | Reached XP level 5. HP: 13/35 MP: 5/5
   948 | D:2      | Noticed Robin
   995 | D:2      | Killed Robin
   996 | D:2      | Reached XP level 6. HP: 26/41 MP: 6/6
  1683 | D:3      | Noticed Ijyb
  1691 | D:3      | Killed Ijyb
  1759 | D:3      | Reached skill level 5 in Shapeshifting
  2351 | D:4      | Reached skill level 1 in Shields
  2639 | D:4      | Reached XP level 7. HP: 46/46 MP: 7/7
  3257 | D:5      | Identified the of Darumaewk
  3257 | D:5      | Identified the of Jeedd
  3257 | D:5      | Entered Level 5 of the Dungeon
  3295 | D:5      | Found a blossoming altar of Fedhas.
  3298 | D:5      | Demolished by an ogre

Illustrated notes

Levels and vault maps discovered:
D:1:      kennysheep_arrival_forest, layout_rooms
D:2:      layout_basic, minmay_tripent, uniq_robin, uniq_sigmund
D:3:      layout_basic, uniq_ijyb
D:4:      layout_basic, serial_undead, serial_undead_f, serial_undead_f,
          serial_undead_a, serial_undead_f
D:5:      layout_gridville, fedhas_bush_and_centaur_altar,
          minmay_temple_entry_glassed_door, minmay_starry_boxes, uniq_menkaure

Skill      XL: |  1  2  3  4  5  6  7 |
---------------+----------------------+-----
Fighting       | 2 3 |  3.8
Unarmed Combat | 4 |  4.8
Shapeshifting  | 4 5 |  5.9
Shields        | 1 2 |  2.2
Dodging        | |  2.0

Action                     |  1- 3 |  4- 6 |  7- 9 || total
---------------------------+-------+-------+-------++-------
  Melee: Unarmed           |    28 |       |       ||    28
         Tentacles         |    10 |    27 |    11 ||    48
         Constrict         |    10 |    40 |    10 ||    60
         Whip              |    10 |   116 |    40 ||   166
         Punch             |       |     4 |     1 ||     5
   Stab: Sleeping          |     3 |     8 |     1 ||    12
 Armour: Skin              |    11 |    50 |    19 ||    80
  Dodge: Dodged            |    23 |    38 |    18 ||    79
  Block: Kite shield       |       |    54 |       ||    54
         Reflection        |       |     1 |     2 ||     3
         Buckler           |       |       |    20 ||    20

Table legend: (Time is in decaauts)
 A = Elapsed time spent in this place.
 B = Non-inter-level travel time spent in this place.
 C = Inter-level travel time spent in this place.
 D = Time resting spent in this place.
 E = Time spent auto-exploring this place.
 F = Levels seen in this place.
 G = Mean time per level.
                   A        B        C        D        E       F      G
               +--------+--------+--------+--------+--------+-----+--------+
         Total |   3332 |   3112 |    220 |      0 |   2405 |   5 |  666.4 |
       Dungeon |   3332 |   3112 |    220 |      0 |   2405 |   5 |  666.4 |
               +--------+--------+--------+--------+--------+-----+--------+

Top non-repeatable levels by time:
     D:4: 995 daAuts
     D:2: 872 daAuts
     D:3: 867 daAuts
     D:1: 555 daAuts
     D:5: 41 daAuts
